 Dungeon Crawl Stone Soup version 0.27-a0-1334-g2746e35aca (webtiles) character file.

Game seed: 18110098557994585386

84 spiderkeys the Skirmisher (level 4, -1/32 HPs)
             Began as an Octopode Abyssal Knight on June 26, 2021.
             Was a Believer of Lugonu.
             Slain by a goblin (4 damage)
             ... led by Robin
             ... on level 2 of the Dungeon.
             The game lasted 00:02:05 (1392 turns).

spiderkeys the Skirmisher (Octopode Abyssal Knight) Turns: 1392, Time: 00:02:06

Health: -1/32      AC:  1    Str: 12    XL:     4   Next: 45%
Magic:  6/6        EV: 13    Int: 14    God:    Lugonu [**....]
Gold:   44         SH:  0    Dex: 11    Spells: 3/3 levels left

rFire    . . .     SeeInvis .   a - +1 spear
rCold    . . .     Faith    .   (no shield)
rNeg     . . .     Spirit   .   (helmet restricted)
rPois    .         Reflect  .   (no amulet)
rElec    .         Harm     .   (no ring)
rCorr    .         Rampage  .   (no ring)
Will     .....                  (no ring)
Stlth    ++........             (no ring)
HPRegen  0.10/turn              (no ring)
MPRegen  0.10/turn              (no ring)
                                (no ring)
                                (no ring)

@: no status effects
A: almost no armour, amphibious, 8 rings, camouflage 1, gelatinous body 1,
(nimble swimmer 1), tentacles
a: Renounce Religion, Depart the Abyss, Bend Space


You were on level 2 of the Dungeon.
You worshipped Lugonu.
Lugonu was pleased with you.
You visited 1 branch of the dungeon, and saw 2 of its levels.
You visited the Abyss 1 time.

You collected 44 gold pieces.


Innate Abilities, Weirdness & Mutations

You cannot wear most types of armour.
You are amphibious.
You can wear up to eight rings at the same time.
Your skin changes colour to match your surroundings (Stealth+).
Your rubbery body absorbs attacks. (AC +1, EV +1)
((You are camouflaged near water. (Stealth+)))
You have tentacles for arms and can constrict up to eight enemies at once.


   Skills:
 + Level 3.6 Fighting
 + Level 2.8 Polearms
 + Level 3.1 Dodging
 + Level 3.0 Invocations


You had 3 spell levels left.
You didn't know any spells.
Your spell library contained the following spells:

 Spells                   Type           Power      Damage    Failure   Level
 Static Discharge         Conj/Air       0%         N/A       41%         2
 Lightning Bolt           Conj/Air       0%         1d11      100%        5
 Ignition                 Fire           0%         3d3       100%        8
 Polar Vortex             Ice            0%         N/A       100%        9
 Shatter                  Erth           0%         3d5*      100%        9

Inventory:

Hand Weapons
 a - a +1 spear (weapon)
Missiles
 b - 16 arrows
 c - 23 bolts
 f - 72 stones
 i - 29 sling bullets
Magical Staves
 k - a staff of air {!a}
   (You found it on level 1 of the Dungeon)
Jewellery
 F - a ring of fire
   (You found it on level 2 of the Abyss)
Wands
 e - a wand of flame (5)
   (You found it on level 2 of the Abyss)
Scrolls
 j - a scroll of identify {@r1}
Potions
 d - 2 potions of berserk rage {!q}
 g - a potion of resistance {unknown}
 h - 2 potions of attraction {unknown}
 l - a potion of heal wounds {unknown}
 m - a potion of cancellation {unknown}
 n - a potion of curing {unknown}

Dungeon Overview and Level Annotations

Branches:
Dungeon (2/15)

Altars:

*,*,**,***,**,*,,* *,* *,*,,,,,*
*,*,*,,,,,,**,*..#**,* *,,,,**,**
*,*,,,,,,,,,,,,...,,,* *∩,,,,,,,*
*,*,*,,,,,,,,,,..#****##,,*,****,
,,,**,**,*,*##*#.# ##..,,,,,,,,,
*,,,,,,,,,,,,.,#.## #..*########.
**,**,*,,*,**#.#..###.#*#........
**,*,*,**,* #.#b#.##.##..8...8..
**,,,,**,###..@.....#$.........
**>*,**,#...g.oo#..#⌠.........
*,*,**<#.###g..o..#$.........
***,*,**.g,* #..###o#*..8...8oo
*,,^,,*#**,**#g## #.###.....o..
*,***,* *,,...# #.o#########. *,*
*,* *,##### ##.o..ooo.... *,***,*
*,* ##########.# *
*,,,,,****,**** #.#


You could see 4 orcs, a hobgoblin, 3 goblins and a bat.


Message History

The kobold closely misses you.
A kobold is nearby!
A kobold is nearby!
You hit the kobold. You constrict the kobold.
The kobold hits you with a +0 dagger. 😕 HP[-1]
You take 1 damage, and now have 31/32 hp.
A kobold is nearby!
A kobold is nearby!
A kobold is nearby!
You completely miss the kobold. You constrict the kobold.
You kill the kobold!
Lugonu accepts your kill.
Things that are here:
a +0 dagger; a kobold corpse; 😎 HP[+1]
Your hp is fully restored (32).
Key pressed, stopping explore.
No target in view!
Things that are here:
a +0 dagger; a kobold corpse Key pressed, stopping explore.
You open the door.
There is an open door here.
There is an open door here.
There is an escape hatch in the floor here.
j - a scroll of identify {@r1} A rat comes into view.
You reach to attack!
The helpless rat fails to defend itself.
You hit the rat.
You kill the rat!
Lugonu accepts your kill.
No target in view!
No target in view!
Done exploring.
Done exploring.
No target in view!
No target in view!
Done exploring.
Done exploring.
There is a stone staircase leading down here.
You climb downwards.
There is a stone staircase leading up here.
You now have 44 gold pieces (gained 9).
o - a scroll labelled UDENISERIU No target in view!
Key pressed, stopping explore.
You see here a +0 robe. 2 orcs come into view.
The orc shouts! 2 orcs and an orc priest come into view.
The orc shouts! x3
You reach to attack!
You barely miss the orc. You hit the orc but do no damage.
Your grab misses the orc. The orc hits you with a +0 dagger.
The orc barely misses you. 😕 HP[-2]
You take 2 damage, and now have 30/32 hp.
You hit the orc. Your grab misses the orc. The orc closely misses you. x2
The orc hits you from afar with a +0 trident! 😮 HP[-7]
You take 7 damage, and now have 23/32 hp.
MASSIVE DAMAGE!! (PAUSE)
The orc barely misses you. 😮 HP[+1]
You barely miss the orc. Your grab misses the orc. You hit the orc.
Your grab misses the orc. The orc completely misses you.
The orc barely misses you.
You hit the orc. Your grab misses the orc. Your squeeze misses the orc.
The orc hits you with a +0 falchion. The orc completely misses you. 😮 HP[-2]
You take 2 damage, and now have 22/32 hp.
You closely miss the orc. You grab the orc. You constrict the orc.
The orc hits you with a +0 falchion.
The orc priest invokes the aid of Beogh against you.
Beogh smites you!
* * * LOW HITPOINT WARNING * * *
😱 HP[-20]
You take 20 damage, and now have 2/32 hp.
MASSIVE DAMAGE!! (PAUSE)
You release your grip on the orc.
Okay, then.
Unknown command.
As you read the scroll labelled UDENISERIU, it crumbles to dust.
You feel aware of your surroundings.
You sensed 1 shop/portal.
It was a scroll of magic mapping.
The orc misses you. 😱 HP[+1]
A bat comes into view. 2 goblins come into view.
A goblin comes into view. It is wielding a +0 club.
The goblin shouts! x2; You hear a shout! x7
The bat closely misses you. The bat hits you.
* * * LOW HITPOINT WARNING * * *
😱 HP[-1]
You take 1 damage, and now have 2/32 hp.
Okay, then.
A hobgoblin comes into view.
The hobgoblin shouts!
You hear a shout! x2
The bat closely misses you. The goblin hits you with a +0 club.
You die...

Skill      XL: |  1  2  3  4 |
---------------+-------------+-----
Dodging        | 3 |  3.1
Invocations    | 3 |  3.0
Fighting       | |  3.6
Polearms       | |  2.8

Action                   |  1- 3 |  4- 6 || total
-------------------------+-------+-------++-------
Melee: Spear             |    19 |    59 ||    78
       Constrict         |     3 |    12 ||    15
       Tentacles         |     2 |     9 ||    11
  Use: Scroll            |     2 |     3 ||     5
 Stab: Sleeping          |     5 |     5 ||    10
Armor: Skin              |       |     5 ||     5
Dodge: Dodged            |    13 |    33 ||    46

Levels and vault maps discovered:
D:1:      ebering_trefoil_3fold, layout_basic,
          hellmonk_ecumenical_altar_heavens_door, chequers_jeans,
          hangedman_decor_points
D:2:      cheibrodos_pilgrimage, layout_loops_ring, serial_shops, shop,
          uniq_robin

Notes
Turn   | Place    | Note
-------+----------+-------------------------------------------
     0 | Abyss:1  | spiderkeys the Octopode Abyssal Knight began the quest for
                  | the Orb.
     0 | Abyss:1  | Reached XP level 1. HP: 16/16 MP: 2/2
     0 | Abyss:1  | magus.rc [v1.9.10]
    48 | Abyss:2  | You pick up a book of the Tempests and begin reading...
    48 | Abyss:2  | You add the spells Static Discharge, Lightning Bolt,
                  | Ignition, Polar Vortex and Shatter to your library.
    88 | Abyss:2  | Noticed a neqoxec
   106 | Abyss:2  | Noticed a small abomination
   107 | Abyss:2  | Found a shimmering blue altar of Sif Muna.
   116 | Abyss:2  | Noticed an air elemental
   144 | Abyss:2  | Killed a small abomination
   145 | Abyss:2  | Reached XP level 2. HP: 21/21 MP: 4/4
   145 | Abyss:2  | Reached XP level 3. HP: 26/26 MP: 5/5
   147 | D:1      | You pass through the gate.
   147 | D:1      | Escaped the Abyss
   339 | D:1      | Reached XP level 4. HP: 31/31 MP: 6/6
   386 | D:1      | Reached skill level 3 in Dodging
   511 | D:1      | Found a faded altar of an unknown god.
   584 | D:1      | Reached ** piety under Lugonu
  1049 | D:1      | Reached skill level 3 in Invocations
  1376 | D:2      | HP: 2/32 [orc priest/divine providence (15)]
  1391 | D:2      | HP: 2/32 [bat (1)]
  1392 | D:2      | Slain by a goblin

Vanquished Creatures
  A small abomination (Abyss:2)
  3 endoplasms (D:1)
  3 goblins (D:1)
  5 hobgoblins (D:1)
  4 jackals (D:1)
  5 kobolds (D:1)
  2 quokkas (D:1)
  3 ball pythons (D:1)
  6 rats (D:1)
32 creatures vanquished.

Table legend:
 A = Non-vault XP
 B = Vault XP
 C = Vault XP percentage of total XP
 D = Non-vault monster count
 E = Vault monster count
 F = Vault count percentage of total count
                 A         B        C        D         E       F
            +---------+---------+-------+---------+---------+-------
      Total |     120 |       0 |   0.0 |      32 |       0 |   0.0
            +---------+---------+-------+---------+---------+-------
        D:1 |      53 |       0 |   0.0 |      31 |       0 |   0.0
    Abyss:2 |      67 |       0 |   0.0 |       1 |       0 |   0.0
            +---------+---------+-------+---------+---------+-------

Illustrated notes

Table legend:
 A = Kills in this place as a percentage of kills in entire the game.
 B = Kills by you in this place as a percentage of kills by you in the entire game.
 C = Kills by friends in this place as a percentage of kills by friends in the entire game.
 D = Other kills in this place as a percentage of other kills in the entire game.
 E = Experience gained in this place as a percentage of experience gained in the entire game.
 F = Experience gained in this place divided by the number of levels of this place that you have seen.
                   A       B       C       D       E      F
               +-------+-------+-------+-------+-------+----------------------
         Total | 100.0 | 100.0 |   N/A |   N/A | 100.0 |  30.0
       Dungeon |  96.9 |  96.9 |   N/A |   N/A |  44.2 |  26.5
         Abyss |   3.1 |   3.1 |   N/A |   N/A |  55.8 |  33.5
               +-------+-------+-------+-------+-------+----------------------

Table legend: (Time is in decaauts)
 A = Elapsed time spent in this place.
 B = Non-inter-level travel time spent in this place.
 C = Inter-level travel time spent in this place.
 D = Time resting spent in this place.
 E = Time spent auto-exploring this place.
 F = Levels seen in this place.
 G = Mean time per level.
                   A        B        C        D        E       F      G
               +--------+--------+--------+--------+--------+-----+--------+
         Total |   1387 |   1373 |     14 |      0 |   1085 |   4 |  346.8 |
       Dungeon |   1241 |   1227 |     14 |      0 |   1033 |   2 |  620.5 |
         Abyss |    146 |    146 |      0 |      0 |     52 |   2 |   73.0 |
               +--------+--------+--------+--------+--------+-----+--------+

Top non-repeatable levels by time:
     D:1: 1159 daAuts
 Abyss:2: 103 daAuts
     D:2: 81 daAuts
 Abyss:1: 43 daAuts
